 Dungeon Crawl Stone Soup version 0.22-a0-303-g4a852b3 (webtiles) character file.

4636 Amnesiac the Nimble (level 10, -4/60 HPs)
             Began as a Tengu Air Elementalist on Mar 27, 2018.
             Slain by a killer bee (11 damage)
             ... on level 8 of the Dungeon.
             The game lasted 00:19:02 (9269 turns).

Amnesiac the Nimble (Tengu Air Elementalist)        Turns: 9269, Time: 00:19:03

Health: -4/60      AC:  7    Str: 10    XL:     10   Next: 43%
Magic:  0/22       EV: 21    Int: 20    God:
Gold:   237        SH:  0    Dex: 14    Spells: 11/23 levels left

rFire    . . .     SeeInvis .   b - +1 blowgun
rCold    . . .     Gourm    .   (no shield)
rNeg     + . .     Faith    .   z - +1 robe {rN+}
rPois    .         Spirit   .   (helmet restricted)
rElec    .         Reflect  .   (no cloak)
rCorr    .         Harm     .   v - +0 pair of gloves
MR       .....                  (boots unavailable)
Stlth    ++........             (no amulet)
HPRegen  0.20/turn              (no ring)
MPRegen  0.18/turn              x - +3 ring of evasion

@: lethally poisoned (-4 -> -16)
A: beak, talons 3, iridescent scales 1, molten scales 1, deformed body, strong
1, able to fly 1
a: Fly


You were on level 8 of the Dungeon.
You were hungry.

You visited 2 branches of the dungeon, and saw 9 of its levels.

You collected 423 gold pieces.
You spent 186 gold pieces at shops.

Inventory:

Hand Weapons
 a - a +0 dagger of venom
 b - a +1 blowgun (weapon)
Missiles
 g - 65 poisoned needles (quivered)
Armour
 v - a +0 pair of gloves (worn)
 z - a +1 robe of positive energy (worn)
Jewellery
 t - the ring "Dixkoxa" {Ice Str+6}
   (You took it off Eustachio on level 4 of the Dungeon)

   [ring of ice]

   It enhances your ice magic.
   It affects your strength (+6).
   It makes you vulnerable to fire.
   It protects you from cold.
 x - a +3 ring of evasion (right hand)
Wands
 d - a wand of flame (22)
 p - a wand of iceblast (4)
 s - a wand of polymorph (19)
 u - a wand of enslavement (13)
 A - a wand of random effects (24)
Scrolls
 f - 2 scrolls of teleportation {!r}
 j - 2 scrolls of magic mapping {!r}
 k - 4 scrolls of remove curse {!r}
 y - a scroll of holy word {!r}
Potions
 e - a potion of degeneration {!q, unknown}
 h - 4 potions of lignification {!q}
 i - a potion of mutation {!q}
 l - 2 potions of heal wounds {!q, unknown}
 m - 2 potions of brilliance {!q, unknown}
 n - a potion of haste {!q, unknown}
 o - 4 potions of flight {!q, unknown}
 r - 3 potions of might {!q}
 w - a potion of agility {!q}
 B - a potion of resistance {!q, unknown}
Comestibles
 c - 17 rations


   Skills:
 + Level 6.2 Fighting
 * Level 10.1 Dodging
 - Level 2.0 Stealth
 + Level 7.4 Spellcasting
 - Level 1.3 Conjurations
 - Level 9.2 Air Magic


You had 11 spell levels left.
You knew the following spells:

 Your Spells              Type           Power        Failure   Level  Hunger
a - Airstrike             Air            #####.....   1%          4    ###....
b - Swiftness             Chrm/Air       ####....     1%          2    None
c - Lightning Bolt        Conj/Air       ####......   28%         5    #####..
d - Shock                 Conj/Air       ####         1%          1    None


Dungeon Overview and Level Annotations

Branches:
Dungeon (8/15)             Temple (1/1) D:5
   Lair: D:8-11

Altars:
Ashenzari
Cheibriados
Dithmenos
Elyvilon
Fedhas
Gozag
Hepliaklqana
Makhleb
Nemelex Xobeh
Okawaru
Ru
Trog
Uskayaw
Vehumet
Wu Jian
Xom
Yredelemnul
The Shining One

Shops:
D:4 *[%(*


Innate Abilities, Weirdness & Mutations

You have a beak for a mouth.
You have claws for feet.
You can fly.
You are partially covered in iridescent scales. (AC +2)
You are partially covered in molten scales. (AC +2)
Armour fits poorly on your strangely shaped body.
Your muscles are strong. (Str +2)


Message History

You kill the queen bee!
You hear an angry buzzing noise.
The killer bee closely misses you. x2
The killer bee stings you but does no damage.
The killer bee completely misses you. The killer bee misses you.
You hear an angry buzzing noise. x3
The killer bee stings you! The killer bee completely misses you.
The killer bee stings you but does no damage.
The killer bee misses you.
You hear an angry buzzing noise.
You hear an angry hiss.
A killer bee comes into view.
Casting: Airstrike (safe; 1% risk of failure)
Confirm with . or Enter, or press ? or * to list all spells.
Aiming: Airstrike (safe; 1% risk of failure)
Press: ? - help, Dir - move target cursor, f - killer bee
Aim: a killer bee (berserk, fast, unusually strong)
The air twists around and violently strikes the killer bee!
The killer bee is severely wounded.
You hear an angry buzzing noise.
The killer bee stings you. The killer bee closely misses you.
The killer bee barely misses you.
You hear an angry buzzing noise.
The killer bee misses you. The killer bee barely misses you.
You hear an angry buzzing noise.
The killer bee stings you! The killer bee stings you.
The killer bee stings you!
* * * LOW HITPOINT WARNING * * *
You hear an angry buzzing noise.
Really attack while wielding your +1 blowgun?
Okay, then.
You hear an angry buzzing noise.
The killer bee misses you. The killer bee closely misses you. x2
The killer bee stings you but does no damage.
You hear an angry buzzing noise.
A killer bee comes into view.
The killer bee misses you. The killer bee completely misses you.
The killer bee stings you.
* * * LOW HITPOINT WARNING * * *
The killer bee misses you. The killer bee misses you.
The killer bee completely misses you.
The killer bee stings you but does no damage.
You hear an angry buzzing noise.
You hear an angry hiss.
A killer bee comes into view.
You hear an angry buzzing noise.
The killer bee stings you.
* * * LOW HITPOINT WARNING * * *
The killer bee stings you.
* * * LOW HITPOINT WARNING * * *
You are poisoned.
The killer bee poisons you!
You hear an angry buzzing noise. x3
Casting: Airstrike (safe; 1% risk of failure)
Confirm with . or Enter, or press ? or * to list all spells.
Aiming: Airstrike (safe; 1% risk of failure)
Press: ? - help, Dir - move target cursor, f/p - killer bee
Aim: a killer bee (severely wounded, berserk, fast, unusually strong)
The air twists around and violently strikes the killer bee!
You kill the killer bee!
You are feeling hungry.
You feel sick. The killer bee stings you.
* * * LOW HITPOINT WARNING * * *
You are lethally poisoned!
The killer bee poisons you! The killer bee stings you!
You die...

#.. %##.....#
#..## #y#...#
#....####.....#
.#.............#
...........#...#.#
#.##.y..#.......#
##yyy..#######
#y##.######
####.@.......#
#.....###.###.#
#.###......(#
#######.#.#
#.....#.#.#
#.###.#...#
####+#.^...#.###.#
........#........#
>......)#....#####


You could see 3 killer bees.

Vanquished Creatures
  Pikel (D:6)
  Joseph (D:7)
  A moth of wrath (D:3)
  A queen bee (D:8)
  Eustachio (D:4)
  A steam dragon (D:7)
  A hungry ghost (D:8)
  A water moccasin (D:7)
  4 orc warriors
  2 slaves
  A sky beast (D:6)
  A black bear (D:7)
  2 centaurs
  2 ogres
  A bullfrog (D:7)
  2 scorpions (D:6)
  8 killer bees
  3 howler monkeys
  3 crimson imps
  2 hounds
  A gnoll shaman (D:7)
  5 orc priests
  14 orc wizards
  A centaur skeleton (D:4)
  3 iguanas
  7 worker ants
  Natasha (thrice) (D:2)
  A hound skeleton (D:4)
  5 adders
  5 gnolls
  A shadow imp (D:7)
  2 oozes
  2 adder skeletons
  4 worms
  2 dart slugs (D:3)
  5 leopard geckos
  22 orcs
  A ball python (D:2)
  4 giant cockroaches
  7 goblins
  7 hobgoblins
  17 jackals
  3 quokkas
  2 bats (D:3)
  4 frilled lizards
  A giant cockroach zombie (D:6)
  10 kobolds
  A leopard gecko skeleton (D:7)
  A quokka skeleton (D:7)
  6 rats
186 creatures vanquished.

Vanquished Creatures (others)
  An orc (D:7)
  A quokka (D:7)
2 creatures vanquished.

Grand Total: 188 creatures vanquished

Notes
Turn   | Place    | Note
-------+----------+-------------------------------------------
     0 | D:1      | Amnesiac the Tengu Air Elementalist began the quest for the Orb.
     0 | D:1      | Reached XP level 1. HP: 10/10 MP: 4/4
   154 | D:1      | Reached XP level 2. HP: 15/15 MP: 0/6
   191 | D:1      | Learned a level 2 spell: Swiftness
   394 | D:1      | Found a shimmering altar of Xom.
   913 | D:2      | Reached skill level 5 in Air Magic
   913 | D:2      | Reached XP level 3. HP: 17/19 MP: 4/7
  1052 | D:2      | Reached XP level 4. HP: 20/24 MP: 1/9
  1058 | D:2      | Learned a level 4 spell: Airstrike
  1267 | D:2      | Noticed Natasha
  1311 | D:2      | Killed Natasha
  1380 | D:2      | Noticed Natasha
  1381 | D:2      | Killed Natasha
  1381 | D:2      | Gained mutation: You can fly. [Tengu growth]
  1381 | D:2      | Reached XP level 5. HP: 28/28 MP: 0/10
  1403 | D:2      | Noticed Natasha
  1454 | D:2      | Killed Natasha
  1838 | D:3      | Gained mutation: Armour fits poorly on your strangely shaped body. [potion of mutation]
  1838 | D:3      | Gained mutation: Your muscles are strong. (Str +2) [potion of mutation]
  1838 | D:3      | Gained mutation: You are partially covered in molten scales. (AC +2) [potion of mutation]
  1838 | D:3      | Gained mutation: You are partially covered in iridescent scales. (AC +2) [potion of mutation]
  2065 | D:3      | Found a blossoming altar of Fedhas.
  2318 | D:3      | Found an iron altar of Okawaru.
  2357 | D:3      | Reached XP level 6. HP: 22/32 MP: 4/12
  2465 | D:3      | Learned a level 5 spell: Lightning Bolt
  3061 | D:3      | Noticed a moth of wrath
  3064 | D:3      | Found a bloodstained altar of Trog.
  3076 | D:3      | Killed a moth of wrath
  3076 | D:3      | Reached XP level 7. HP: 36/36 MP: 0/14
  3284 | D:4      | Noticed Eustachio
  3459 | D:4      | Reached skill level 1 in Fighting
  3459 | D:4      | Reached skill level 3 in Dodging
  3595 | D:4      | Found Toevvyp's Antique Armour Boutique.
  3852 | D:4      | Reached XP level 8. HP: 42/44 MP: 5/16
  3956 | D:4      | Found Qerin's Food Emporium.
  3965 | D:4      | Found Coilim's Antique Weapon Boutique.
  3975 | D:4      | Reached skill level 4 in Dodging
  4008 | D:4      | Killed Eustachio
  4008 | D:4      | Reached skill level 5 in Spellcasting
  4036 | D:4      | Got a scintillating turquoise ring
  4366 | D:4      | Found Enousk's Assorted Antiques.
  4374 | D:4      | Bought an amethyst potion for 21 gold pieces
  4374 | D:4      | Bought a sapphire potion for 21 gold pieces
  4374 | D:4      | Bought a scroll labeled XUOMIXU RAISUMP for 24 gold pieces
  4374 | D:4      | Bought a golden ring for 120 gold pieces
  4374 | D:4      | Identified the ring "Dixkoxa" {Ice Str+6} (You took it off Eustachio on level 4 of the Dungeon)
  4412 | D:4      | Found Hanarest's General Store.
  4428 | D:5      | Entered Level 5 of the Dungeon
  4718 | D:5      | Found a staircase to the Ecumenical Temple.
  4747 | Temple   | Entered the Ecumenical Temple
  4835 | D:5      | Found a white marble altar of Elyvilon.
  4922 | D:5      | Reached skill level 5 in Dodging
  5621 | D:6      | Reached skill level 6 in Dodging
  5946 | D:6      | Reached XP level 9. HP: 49/52 MP: 5/18
  6371 | D:6      | Reached skill level 7 in Dodging
  7161 | D:6      | Reached skill level 8 in Dodging
  7459 | D:7      | Noticed Pikel
  7486 | D:6      | Killed Pikel
  7486 | D:6      | Reached skill level 5 in Fighting
  7700 | D:7      | Reached skill level 9 in Dodging
  7753 | D:6      | Reached XP level 10. HP: 57/59 MP: 2/21
  7912 | D:7      | Noticed Joseph
  8040 | D:7      | Killed Joseph
  8883 | D:7      | Found an opulent altar of Gozag.
  9144 | D:8      | Reached skill level 10 in Dodging
  9269 | D:8      | Slain by a killer bee

Vault maps used:
D:1:      minmay_arrival_pointy, xom_teletrap_fun
D:2:      uniq_natasha
D:3:      lemuel_doored_altar, fedhas_altar_1, tgw_trog
D:4:      serial_shops, shop, nicolae_shop_statue_plus, kennysheep_mini_moat,
          nicolae_shop_overgrown_old_shop, nicolae_shop_crystal, first_ration,
          uniq_eustachio
D:5:      elyvilon_altar_5, temple_fountains, corexii_leaking_fountain
D:6:      minmay_flawed_box, lightli_orcish_oven
D:7:      old_standard_altar, uniq_joseph, uniq_pikel
D:8:      kennysheep_vampire_church, david_lair_generic, david_nohive_1
Temple:   dshaligram_water_room_temple

Skill      XL: |  1  2  3  4  5  6  7  8  9 10 |
---------------+-------------------------------+-----
Air Magic      | 5 6 7 9 |  9.2
Spellcasting   | 3 4 5 6 7 |  7.4
Fighting       | 1 3 5 6 |  6.2
Dodging        | 3 6 9 10 | 10.1
Stealth        | |  2.0
Conjurations   | |  1.3

Action                   |  1- 3 |  4- 6 |  7- 9 | 10-12 || total
-------------------------+-------+-------+-------+-------++-------
Melee: Unarmed           |    15 |     8 |       |       ||    23
       Kick              |     2 |       |       |       ||     2
       Peck              |       |     1 |       |       ||     1
 Fire: Blowgun           |       |    13 |   221 |    67 ||   301
 Cast: Shock             |    54 |    91 |     8 |       ||   153
       Airstrike         |       |     7 |   111 |    49 ||   167
 Abil: Fly               |       |       |       |     1 ||     1
  Use: Scroll            |       |     2 |     8 |     1 ||    11
       Potion            |       |     1 |       |       ||     1
  Eat: Chunk             |     1 |     7 |    30 |    10 ||    48
Armor: Robe              |     7 |     7 |    24 |     7 ||    45
Dodge: Dodged            |    23 |    25 |   129 |    53 ||   230

Table legend:
 A = Spawn XP
 B = Non-spawn XP
 C = Spawn XP percentage of total XP
 D = Spawn monster count
 E = Non-spawn monster count
 F = Spawn count percentage of total count
 G = Total turns spent on level
                    A         B        C        D         E        F      G
               +---------+---------+-------+---------+---------+-------+---------
         Total |       0 |    6623 |   0.0 |       0 |     184 |   0.0 |  9269
               +---------+---------+-------+---------+---------+-------+---------
           D:1 |       0 |      30 |   0.0 |       0 |      16 |   0.0 |   872
           D:2 |       0 |     209 |   0.0 |       0 |      25 |   0.0 |   963
           D:3 |       0 |     632 |   0.0 |       0 |      37 |   0.0 |  1438
           D:4 |       0 |     642 |   0.0 |       0 |      19 |   0.0 |  1168
           D:5 |       0 |     294 |   0.0 |       0 |       9 |   0.0 |   996
           D:6 |       0 |    1930 |   0.0 |       0 |      36 |   0.0 |  2683
           D:7 |       0 |    2225 |   0.0 |       0 |      38 |   0.0 |   951
           D:8 |       0 |     661 |   0.0 |       0 |       4 |   0.0 |   130
               +---------+---------+-------+---------+---------+-------+---------
